 Dungeon Crawl Stone Soup version 0.30-a0-458-g86641cc369 (webtiles) character file.

Game seed: 6365241326059557235

7882 enile the Jinx (level 11, 0/58 HPs)
             Began as a Spriggan Enchanter on Dec 14, 2022.
             Was a Priest of Fedhas.
             Engulfed by a fire crab's flame (8 damage)
             ... in a Gauntlet.
             The game lasted 00:26:18 (10659 turns).

enile the Jinx (Spriggan Enchanter)                Turns: 10659, Time: 00:26:19

Health: 0/58       AC:  5    Str: 11    XL:     11   Next: 2%
Magic:  24/30      EV: 11    Int: 20    God:    Fedhas [***...]
Gold:   425        SH:  0    Dex: 20    Spells: 11/22 levels left

rFire   + + .      SeeInvis +    E - +2 dagger (flame)
rCold   + . .      Faith    .    j - +3 buckler "Erras" {rC+ Str+3 SInv}
rNeg    . . .      Spirit   .    b - +0 robe
rPois   +          Reflect  .    (helmet restricted)
rElec   +          Harm     .    w - +2 cloak {Stlth+}
rCorr   +          Rampage  .    (gloves unavailable)
Will    +....      NoTele   +    (boots unavailable)
Stlth   ++++......               (no amulet)
HPRegen 0.29/turn                u - ring "Fiff" {Fire rElec rCorr Str+4 Dex+3}
MPRegen 0.22/turn                z - ring of magical power

@: brilliant, resistant, held, studying Earth Magic, very quick
A: very small, no large weapons, unfitting armour, see invisible, speed 3
a: Renounce Religion, Wall of Briars, Grow Ballistomycete


You were in a Gauntlet.
You worshipped Fedhas.
Fedhas was most pleased with you.
You visited 3 branches of the dungeon, and saw 11 of its levels.
You also visited: Gauntlet and Volcano.

You collected 629 gold pieces.
You spent 204 gold pieces at shops.

Inventory:

Hand Weapons
 a - a +2 dagger
 E - a +2 dagger of flaming (weapon)
Missiles
 l - a throwing net
 r - 12 poisoned darts (quivered)
Armour
 b - a +0 robe (worn)
 j - the +3 buckler "Erras" (worn) {rC+ Str+3 SInv}
   (You acquired it on level 3 of the Dungeon)

   Str:       It affects your strength (+3).
   rC:        It protects you from cold.
   SInv:      It lets you see invisible.
 w - a +2 cloak of stealth (worn)
Jewellery
 m - a ring of willpower
 p - a ring of protection from cold
 u - the ring "Fiff" (left hand) {Fire rElec rCorr Str+4 Dex+3}
   (You found it in a Gauntlet)

   [ring of fire]

   It enhances your fire magic.
   Str:       It affects your strength (+4).
   Dex:       It affects your dexterity (+3).
   rF:        It protects you from fire.
   rC:        It makes you vulnerable to cold.
   rElec:     It insulates you from electricity.
   rCorr:     It protects you from acid and corrosion.
 y - a ring of flight
 z - a ring of magical power (right hand)
 F - a ring of protection from cold
Wands
 d - a wand of polymorph (17)
 s - a wand of acid (9)
 H - a wand of flame (10)
 J - a wand of digging (5)
 L - a wand of roots (4)
Scrolls
 e - a scroll of teleportation
 g - 3 scrolls of vulnerability
 t - 2 scrolls of enchant armour
 A - a scroll of amnesia
 D - 3 scrolls of immolation
 G - a scroll of torment {unknown}
Potions
 c - 2 potions of invisibility
 f - 3 potions of lignification
 h - a potion of brilliance
 i - a potion of curing
 n - 2 potions of resistance
 o - a potion of magic
 q - 3 potions of haste {unknown}
 v - 3 potions of flight
 x - 2 potions of ambrosia
 I - a potion of might {unknown}
 K - a potion of berserk rage
Miscellaneous
 B - a piece from Xom's chessboard (7/15)


   Skills:
 + Level 7.4 Fighting
 - Level 3.0 Short Blades
 - Level 3.0 Throwing
 - Level 8.0 Dodging
 - Level 6.0 Stealth
 - Level 5.0 Shields
 - Level 6.0 Spellcasting
 - Level 8.9 Hexes
 - Level 3.0 Ice Magic
 - Level 4.0 Invocations
 - Level 4.0 Evocations


You had 11 spell levels left.
You knew the following spells:

 Your Spells              Type           Power      Damage    Failure   Level
a - Ensorcelled Hibernat  Hex/Ice        88%        N/A       2%          2
b - Tukima's Dance        Hex            58%        N/A       1%          3
c - Inner Flame           Hex/Fire       52%        N/A       10%         3
d - Confusing Touch       Hex            58%        N/A       1%          3

Your spell library contained the following spells:

 Spells                   Type           Power      Damage    Failure   Level
 Cause Fear               Hex            29%        N/A       4%          4
 Dazzling Flash           Conj/Hex       70%        N/A       10%         3
 Portal Projectile        Hex/Tloc       70%        N/A       10%         3
 Sandblast                Erth           18%        2d7       21%         1
 Shock                    Conj/Air       36%        1d5       21%         1
 Passwall                 Tmut/Erth      7%         N/A       30%         2
 Gell's Gravitas          Tloc           9%         N/A       52%         3
 Lesser Beckoning         Tloc           18%        N/A       52%         3
 Stone Arrow              Conj/Erth      18%        3d8       52%         3
 Swiftness                Air            9%         N/A       52%         3
 Teleport Other           Tloc           9%         N/A       52%         3
 Vhi's Electric Charge    Tloc/Air       18%        N/A       52%         3
 Airstrike                Air            4%         2d(1-17)  89%         4
 Arcjolt                  Conj/Air       4%         1d14      99%         5
 Blade Hands              Tmut           4%         N/A       99%         5
 Discord                  Hex            29%        N/A       100%        8
 Maxwell's Capacitive Co  Air            4%         ∞         100%        8


Dungeon Overview and Level Annotations

Branches:
Dungeon (9/15)             Temple (1/1) D:5            Lair (1/5) D:9
Volcano (visited)         Gauntlet (1/1)
    Orc: D:9-12

Altars:
Ashenzari
Cheibriados
Elyvilon
Fedhas
Gozag
Hepliaklqana
Kikubaaqudgha
Nemelex Xobeh
Okawaru
Qazlal
Ru
Sif Muna
Trog
Uskayaw
Wu Jian
Xom
Zin
The Shining One

Shops:
D:3 (   D:6 *   D:9 *

Annotations:
D:3 Ijyb
D:7 2 transporters, dr0g0th's ghost, novice AtFi Gauntlet 7 transporters, 21 runed translucent doors


Innate Abilities, Weirdness & Mutations

You are very small and have problems with some larger weapons.
You are too small for most types of armour.
You have supernaturally acute eyesight. (SInv)
You cover ground extremely quickly. (Speed+++)


Message History

Aim: a fire crab (fleeing, 79% to hit)
You throw a poisoned dart. The poisoned dart hits the fire crab.
The fire crab is poisoned.
Your attack snaps the fire crab out of its fear.
Throw: 13 darts (poison)
Press: ? - help, Q - select action, (/) - cycle Shift-Dir - straight line, f/p - fire crab
Aim: a fire crab (lightly wounded, poisoned, 79% to hit)
You throw a poisoned dart. The poisoned dart hits the fire crab!
The fire crab looks even sicker.
The fire crab is lightly wounded.
The fire crab enters a dispersal trap!
You blink.
The fire crab blinks!
The fire crab enters a dispersal trap!
You blink.
You become entangled in the net!
The fire crab blinks!
You struggle against the net.
The fire crab breathes flames at you. The blast of flame engulfs you.
You resist.
It was a potion of brilliance.
You feel clever all of a sudden.
You are engulfed in blazing flames.
You resist.
It was a potion of resistance.
You feel protected.
You feel better.
You struggle against the net.
The fire crab breathes flames at you. The blast of flame misses you.
You tear a large gash into the net.
You are engulfed in blazing flames.
You resist. The fire crab bites you!
* * * LOW HITPOINT WARNING * * *
You are engulfed in flames.
You resist.
* * * LOW HITPOINT WARNING * * *
The fire crab barely misses you.
You feel better. The fire crab breathes flames at you.
The blast of flame engulfs you. You resist.
* * * LOW HITPOINT WARNING * * *
As you read the scroll of fear, it crumbles to dust.
You assume a fearsome visage.
The fire crab looks frightened!
You are engulfed in blazing flames.
You resist.
You die...
Fedhas appreciates your contribution to the ecosystem.

#.....#.©.#...§≈....#.©.#.
###...8.#...#.8.≈8≈.8.#...#.
#8#.....#.©.#....≈....#.©.#.
###..###########§..#########
#..#.^#...####...#........
###..#...^##.###...#........
#8#..#.##.###..#####.#######
###..#(##.t..###...##.#.#.#3
#..#©.^.#@.###©.©#....©..5
###..#.##(###..#...#.#.#.#.#
#8#..#.##§.©.^######.#######
###..#.^..##.###...#........
#..#.##.##...#.8.#....§...
###..###########...#########
#8#.........................
###≈........................
##########################


You could see a fire crab (fleeing, very poisoned).

Vanquished Creatures
  Pikel (D:8)
  A lindwurm (Lair:1)
  Maurice (D:8)
  A cane toad (Lair:1)
  2 komodo dragons (D:9)
  A queen bee (Gauntlet)
  A polar bear (Lair:1)
  2 blink frogs (Lair:1)
  5 wyverns (D:9)
  A basilisk (D:9)
  A dancing weapon (D:8)
  3 fire bats
  An acid dragon (D:9)
  A water moccasin (D:7)
  An ice beast (D:7)
  A sky beast (D:7)
  A black bear (D:5)
  An ogre (D:5)
  2 lemures (D:7)
  3 centaurs
  A kobold brigand (D:9)
  A gnoll sergeant (D:9)
  5 bullfrogs
  8 scorpions
  2 wights (D:8)
  8 killer bees
  7 howler monkeys
  2 gnoll boudas
  3 orc priests
  2 hounds (D:6)
  3 jellies
  2 iguanas (D:4)
  Jessica (D:2)
  Natasha (thrice) (D:4)
  7 orc wizards
  10 gnolls
  18 adders
  2 shadow imps
  2 white imps (D:7)
  An ufetubus (D:5)
  A worm (D:4)
  A dart slug (D:2)
  22 orcs
  4 endoplasms
  6 giant cockroaches
  7 goblins
  7 hobgoblins
  3 quokkas
  9 ball pythons
  2 bats (D:8)
  3 frilled lizards
  7 kobolds
  4 rats
  A butterfly (D:7)
196 creatures vanquished.

Vanquished Creatures (collateral kills)
  A kobold brigand (D:8)
  6 wights (D:8)
  3 gnolls
  3 orcs
  4 kobolds (D:8)
  3 ballistomycete spores (Lair:1)
20 creatures vanquished.

Vanquished Creatures (others)
  10 dancing weapons
  An orc (D:8)
  A ballistomycete spore (Lair:1)
  29 fungi
  23 plants
64 creatures vanquished.

Grand Total: 280 creatures vanquished

Notes
Turn   | Place    | Note
-------+----------+-------------------------------------------
     0 | D:1      | enile the Spriggan Enchanter began the quest for the Orb.
     0 | D:1      | Reached XP level 1. HP: 9/9 MP: 5/5
   241 | D:1      | Reached skill level 1 in Fighting
   297 | D:1      | Reached XP level 2. HP: 7/14 MP: 6/6
   586 | D:1      | Learned a level 2 spell: Ensorcelled Hibernation
   904 | D:2      | Reached XP level 3. HP: 18/18 MP: 0/8
  1289 | D:2      | Learned a level 3 spell: Tukima's Dance
  1376 | D:2      | Noticed Jessica
  1402 | D:2      | Found a faded altar of an unknown god.
  1415 | D:2      | Reached XP level 4. HP: 23/23 MP: 8/11
  1426 | D:2      | Killed Jessica
  2003 | D:3      | Found Imiaw's Weapon Shoppe.
  2186 | D:3      | Noticed Ijyb
  2238 | D:3      | Reached XP level 5. HP: 23/26 MP: 5/12
  2489 | D:3      | Identified a scroll of acquirement
  2491 | D:3      | Acquired the +3 buckler "Erras" {rC+ Str+3 SInv}
  2578 | D:4      | Found an iron altar of Okawaru.
  2587 | D:4      | Reached skill level 5 in Hexes
  2598 | D:4      | Reached skill level 1 in Shields
  2658 | D:4      | Noticed Natasha
  2665 | D:4      | Killed Natasha
  2700 | D:4      | Reached XP level 6. HP: 27/30 MP: 2/13
  2702 | D:4      | Noticed Natasha
  2722 | D:4      | HP: 2/45 [orc/+0 falchion (6)]
  2735 | D:4      | Killed Natasha
  2872 | D:4      | Noticed Natasha
  2878 | D:4      | Killed Natasha
  2929 | D:4      | Learned a level 3 spell: Inner Flame
  2942 | D:4      | Found a hazy altar of Hepliaklqana.
  3337 | D:4      | Found an opulent altar of Gozag.
  3342 | D:4      | Found a sparkling altar of Nemelex Xobeh.
  3459 | D:4      | Reached XP level 7. HP: 35/35 MP: 6/14
  3600 | D:5      | Entered Level 5 of the Dungeon
  3781 | D:5      | Found a white marble altar of Elyvilon.
  3862 | D:5      | Reached skill level 5 in Fighting
  4154 | D:5      | Found a staircase to the Ecumenical Temple.
  4261 | Temple   | Entered the Ecumenical Temple
  4294 | Temple   | Became a worshipper of Fedhas Madash
  4568 | D:5      | Learned a level 3 spell: Confusing Touch
  4854 | D:6      | Reached XP level 8. HP: 40/43 MP: 15/15
  4958 | D:6      | Found Hiloiheb's Neck Hole.
  5036 | D:6      | Found a glowing silver altar of Zin.
  5113 | D:6      | Reached skill level 1 in Ice Magic
  5220 | D:6      | Found an ornate altar of the Wu Jian Council.
  5658 | D:7      | Reached skill level 5 in Stealth
  5731 | D:7      | Reached skill level 1 in Invocations
  5751 | D:7      | Found a transporter.
  5756 | D:7      | Found a transporter.
  5757 | D:7      | Noticed dr0g0th's ghost (novice AtFi)
  5768 | D:7      | Reached * piety under Fedhas
  5797 | D:7      | Noticed a queen bee
  5878 | D:7      | Found a shimmering altar of Xom.
  6546 | D:7      | Reached skill level 1 in Throwing
  6641 | D:8      | Noticed Pikel
  6704 | D:7      | Reached XP level 9. HP: 43/47 MP: 16/16
  7359 | D:8      | Reached ** piety under Fedhas
  7488 | D:8      | Killed Pikel
  7730 | D:8      | Noticed Maurice
  7806 | D:8      | Killed Maurice
  7807 | D:8      | Reached skill level 5 in Shields
  7807 | D:8      | Reached skill level 5 in Spellcasting
  8264 | D:9      | Found Testryqo's Fire Supplies.
  8273 | D:9      | Bought a scroll of immolation for 44 gold pieces
  8273 | D:9      | Bought a scroll of immolation for 44 gold pieces
  8273 | D:9      | Bought a +1 dagger of flaming for 116 gold pieces
  8661 | D:9      | Reached XP level 10. HP: 49/51 MP: 20/20
  8738 | D:9      | Found a shimmering blue altar of Sif Muna.
  8900 | D:9      | Reached *** piety under Fedhas
  9184 | D:9      | Reached skill level 5 in Dodging
  9392 | D:9      | Found a broken altar of Ashenzari.
  9693 | D:9      | Found a staircase to the Lair.
  9699 | Lair:1   | Entered Level 1 of the Lair of Beasts
  9740 | Lair:1   | Noticed a cane toad
  9766 | Lair:1   | Noticed a lindwurm
  9766 | Lair:1   | Found a dark tunnel.
  9775 | Volcano  | Entered a volcano
  9945 | Lair:1   | Killed a lindwurm
  9970 | Lair:1   | Noticed a cane toad
  9982 | Lair:1   | Noticed a cane toad
 10029 | Lair:1   | Killed a cane toad
 10043 | Lair:1   | Found a gate leading to a gauntlet.
 10052 | Gauntlet | Entered a Gauntlet
 10052 | Gauntlet | Noticed a death scarab
 10052 | Gauntlet | Noticed a spectral seven-headed hydra
 10052 | Gauntlet | Found a transporter.
 10052 | Gauntlet | Found a transporter.
 10065 | Gauntlet | Noticed a death scarab
 10122 | Gauntlet | Found a transporter.
 10125 | Gauntlet | Found a transporter.
 10127 | Gauntlet | Found a large runed translucent door.
 10128 | Gauntlet | Found a large runed translucent door.
 10129 | Gauntlet | Found a large runed translucent door.
 10129 | Gauntlet | Found a large runed translucent door.
 10130 | Gauntlet | Found a large runed translucent door.
 10131 | Gauntlet | Found a transporter.
 10136 | Gauntlet | Found a transporter.
 10141 | Gauntlet | Found a transporter.
 10148 | Gauntlet | Found a large runed translucent door.
 10149 | Gauntlet | Found a large runed translucent door.
 10150 | Gauntlet | Found a large runed translucent door.
 10151 | Gauntlet | Found a runed translucent door.
 10151 | Gauntlet | Found a runed translucent gate.
 10153 | Gauntlet | Found a transporter.
 10153 | Gauntlet | Noticed an eight-headed hydra
 10160 | Gauntlet | Found a transporter.
 10160 | Gauntlet | Found a runed translucent gate.
 10161 | Gauntlet | Found a runed translucent gate.
 10161 | Gauntlet | Found a runed translucent door.
 10162 | Gauntlet | Found a large runed translucent door.
 10162 | Gauntlet | Found a large runed translucent door.
 10162 | Gauntlet | Noticed a torpor snail
 10163 | Gauntlet | Found a large runed translucent door.
 10164 | Gauntlet | Found a large runed translucent door.
 10173 | Gauntlet | Found a large runed translucent door.
 10173 | Gauntlet | Found a large runed translucent door.
 10174 | Gauntlet | Found a large runed translucent door.
 10175 | Gauntlet | Found a large runed translucent door.
 10225 | Gauntlet | Noticed a smoke demon
 10230 | Gauntlet | Found a transporter.
 10244 | Gauntlet | Found a transporter.
 10256 | Gauntlet | Found a transporter.
 10266 | Gauntlet | Noticed a fire crab
 10577 | Gauntlet | Identified the ring "Fiff" {Fire rElec rCorr Str+4 Dex+3}
 10643 | Gauntlet | Reached XP level 11. HP: 58/58 MP: 21/21
 10659 | Gauntlet | Engulfed by a fire crab's flame

Illustrated notes

Levels and vault maps discovered:
D:1:      lightli_iron_boxes, layout_basic, minmay_heptomino_l4
D:2:      wad_crossroads, layout_rooms, hellmonk_ecumenical_altar_crossroads,
          uniq_jessica
D:3:      layout_basic, serial_shops, shop, uniq_ijyb
D:4:      layout_rooms, okawaru_gym_becter, lemuel_crystal_altar,
          nicolae_gozag_seed_capital, nemelex_xobeh_ov_fountains_minmay,
          uniq_natasha
D:5:      layout_loops_ring, mainiacjoe_overflow_tiny_flanked,
          minmay_temple_entry_statues_pillars
D:6:      layout_rooms, mainiacjoe_overflow_small_starburst, kennysheep_mini,
          nicolae_shop_sticking_my_neck_out
D:7:      layout_gridville, xom_butterflies, gammafunk_ghost_hive
D:8:      old_forge, layout_rooms, minmay_manual_mail, uniq_pikel, uniq_maurice
D:9:      layout_irregular_city, cheibrodos_ashenzari_chains,
          old_standard_altar, erik_lair_dragon, nicolae_shop_fire_sale
          [nicolae_sub_dead_trees], nicolae_figureground_sparkle
Temple:   nicolae_temple_ecumenical_triangle
Lair:1:   layout_small_grid, gauntlet_entry_generic,
          nicolae_volcano_entry_vermiform, hangedman_lair_generics_rect,
          infiniplex_staircase_pool
Gauntlet: gammafunk_gauntlet_shortcut [nicolae_gauntlet_swirl,
          minmay_gauntlet_arena_make_your_own_arena,
          gammafunk_gauntlet_arena_spirals, gammafunk_gauntlet_arena_teeth,
          gammafunk_gauntlet_arena_crates, gammafunk_gauntlet_arena_hedges,
          nicolae_gauntlet_exit_dead_adventurers]

Skill      XL: |  1  2  3  4  5  6  7  8  9 10 |
---------------+-------------------------------+-----
Fighting       | 1 2 5 7 |  7.4
Spellcasting   | 3 4 6 |  6.0
Short Blades   | 2 3 |  3.0
Hexes          | 4 5 6 7 8 |  8.9
Shields        | 1 3 5 |  5.0
Ice Magic      | 3 |  3.0
Stealth        | 6 |  6.0
Invocations    | 4 |  4.0
Throwing       | 1 3 |  3.0
Evocations     | 4 |  4.0
Dodging        | 8 |  8.0

Action                   |  1- 3 |  4- 6 |  7- 9 | 10-12 || total
-------------------------+-------+-------+-------+-------++-------
Melee: Dagger            |   109 |   125 |   262 |    73 ||   569
       Punch             |     1 |       |       |       ||     1
Throw: Dart              |       |     6 |    29 |     7 ||    42
       Throwing net      |       |     1 |       |     3 ||     4
 Cast: Ensorcelled Hiber |    14 |    36 |    86 |    47 ||   183
       Tukima's Dance    |       |       |    40 |     3 ||    43
       Inner Flame       |       |       |     5 |     3 ||     8
       Confusing Touch   |       |       |     2 |     1 ||     3
Invok: Grow Ballistomyce |       |       |       |     1 ||     1
Evoke: Piece from Xom's  |       |       |    11 |     3 ||    14
       Wand              |       |       |       |     3 ||     3
  Use: Scroll            |     1 |     4 |     7 |     6 ||    18
       Potion            |       |     3 |     4 |     6 ||    13
 Stab: Sleeping          |    20 |    24 |    51 |    34 ||   129
       Distracted        |       |     1 |     2 |     1 ||     4
       Confused          |       |       |     1 |     1 ||     2
       Paralysed         |       |       |     1 |       ||     1
Armor: Robe              |    11 |     5 |    20 |     7 ||    43
       Skin              |       |     3 |       |       ||     3
Dodge: Dodged            |    71 |    72 |   191 |    65 ||   399
Block: Buckler           |       |    34 |   172 |    55 ||   261

Table legend: (Time is in decaauts)
 A = Elapsed time spent in this place.
 B = Non-inter-level travel time spent in this place.
 C = Inter-level travel time spent in this place.
 D = Time resting spent in this place.
 E = Time spent auto-exploring this place.
 F = Levels seen in this place.
 G = Mean time per level.
                   A        B        C        D        E       F      G
               +--------+--------+--------+--------+--------+-----+--------+
         Total |   8381 |   8156 |    225 |    178 |   5897 |  13 |  644.7 |
       Dungeon |   7644 |   7432 |    212 |    101 |   5638 |   9 |  849.3 |
        Temple |     29 |     16 |     13 |      0 |     11 |   1 |   29.0 |
          Lair |    134 |    134 |      0 |      0 |      0 |   1 |  134.0 |
       Volcano |    148 |    148 |      0 |     77 |     49 |   1 |  148.0 |
      Gauntlet |    424 |    424 |      0 |      0 |    197 |   1 |  424.0 |
               +--------+--------+--------+--------+--------+-----+--------+

Top non-repeatable levels by time:
     D:7: 1268 daAuts
     D:8: 1250 daAuts
     D:9: 1015 daAuts
     D:2: 820 daAuts
     D:4: 775 daAuts
     D:5: 719 daAuts
     D:6: 681 daAuts
     D:3: 567 daAuts
     D:1: 546 daAuts
Gauntlet: 424 daAuts
 Volcano: 148 daAuts
  Lair:1: 134 daAuts
  Temple: 29 daAuts
